 Dungeon Crawl Stone Soup version 0.27.1-3-gb3d3a73c9e (webtiles) character file.

Game seed: 18222054473633055677

274 DearestLeader the Chiller (level 6, -6/47 HPs)
             Began as a Gnoll Wanderer on Oct 13, 2021.
             Mangled by an orc (15 damage)
             ... on level 4 of the Dungeon.
             The game lasted 00:05:30 (3834 turns).

DearestLeader the Chiller (Gnoll Wanderer)          Turns: 3834, Time: 00:05:31

Health: -6/47      AC:  7    Str: 12    XL:     6   Next: 24%
Magic:  0/14       EV: 10    Int: 12    God:
Gold:   146        SH:  4    Dex: 12    Spells: 15/15 levels left

rFire    . . .     SeeInvis .   n - +1 hand axe (vamp)
rCold    + . .     Faith    .   j - +0 buckler
rNeg     . . .     Spirit   +   b - +0 ring mail
rPois    .         Reflect  .   (no helmet)
rElec    .         Harm     .   k - +1 cloak
rCorr    .         Rampage  .   (no gloves)
Will     .....                  (no boots)
Stlth    +.........             i - amulet of guardian spirit
HPRegen  0.15/turn              u - ring of protection from cold
MPRegen  0.14/turn              (no ring)

@: no status effects
A: fangs 1, strong nose, distributed training
a: no special abilities


You were on level 4 of the Dungeon.
You visited 1 branch of the dungeon, and saw 4 of its levels.

You collected 209 gold pieces.
You spent 63 gold pieces at shops.

Inventory:

Hand Weapons
 a - a +0 dagger
 e - a +0 war axe
 n - a +1 vampiric hand axe (weapon)
Armour
 b - a +0 ring mail (worn)
 j - a +0 buckler (worn)
 k - a +1 cloak (worn)
Magical Staves
 p - a staff of fire
Jewellery
 h - an amulet of regeneration
 i - an amulet of guardian spirit (around neck)
 u - a ring of protection from cold (left hand)
Scrolls
 g - a scroll of amnesia {unknown}
 o - a scroll of teleportation {unknown}
 r - 2 scrolls of enchant weapon {unknown}
 s - a scroll of noise {unknown}
 t - a scroll of magic mapping {unknown}
Potions
 c - a potion of lignification
 f - a potion of magic {unknown}
 l - a potion of mutation {unknown}
 m - a potion of curing {unknown}
 q - a potion of heal wounds {unknown}
Miscellaneous
 d - a phial of floods (quivered)


   Skills:
 + Level 3.2 Fighting
 + Level 1.8 Short Blades
 + Level 1.8 Long Blades
 + Level 4.9 Axes
 + Level 1.8 Maces & Flails
 + Level 1.8 Polearms
 + Level 1.8 Staves
 + Level 1.8 Slings
 + Level 1.8 Bows
 + Level 1.8 Crossbows
 + Level 1.8 Throwing
 + Level 1.8 Armour
 + Level 1.8 Dodging
 + Level 3.0 Stealth
 + Level 1.8 Shields
 + Level 1.8 Unarmed Combat
 + Level 5.3 Spellcasting
 + Level 1.4 Conjurations
 + Level 1.4 Hexes
 + Level 1.4 Summonings
 + Level 1.4 Necromancy
 + Level 1.4 Translocations
 + Level 1.4 Transmutations
 + Level 1.4 Fire Magic
 + Level 5.6 Ice Magic
 + Level 1.4 Air Magic
 + Level 1.4 Earth Magic
 + Level 1.4 Poison Magic
 + Level 2.0 Invocations
 + Level 3.2 Evocations


You had 15 spell levels left.
You didn't know any spells.
Your spell library contained the following spells:

 Spells                   Type           Power      Damage    Failure   Level
 Conjure Flame            Conj/Fire      6%         6-21      67%         3
 Ignite Poison            Fire/Tmut/Pois 6%         N/A       67%         3
 Sticky Flame             Conj/Fire      6%         2d3       97%         4


Dungeon Overview and Level Annotations

Branches:
Dungeon (4/15)
 Temple: D:4-7

Altars:
Ashenzari

Shops:
D:2 [   D:4 :


Innate Abilities, Weirdness & Mutations

You have very sharp teeth.
Your uncanny sense of smell can sniff out nearby items.
Your experience applies equally to all skills.


Message History

The orc is heavily wounded.
You closely miss the orc. The orc hits you but does no damage.
You hit the orc.
You feel better.
You bite the orc.
The orc is almost dead.
You barely miss the orc. You block the orc's attack.
The orc hits you but does no damage.
You closely miss the orc.
The orc is almost dead.
You hit the orc.
You feel better. The orc hits you but does no damage.
The orc barely misses you.
You closely miss the orc.
The orc is almost dead.
You hit the orc but do no damage. The orc hits you but does no damage.
The orc hits you with a +0 dagger.
You hit the orc.
You feel better.
You kill the orc!
You barely miss the orc. The orc closely misses you. The orc barely misses you.
You slash the orc!
You feel better.
You kill the orc!
You hit the orc.
You feel better.
You kill the orc!
You completely miss the orc. You bite the orc, but do no damage.
You block the orc's attack.
You hit the orc.
The orc is lightly wounded.
You hit the orc.
You feel better.
The orc is almost dead.
You hit the orc.
You kill the orc!
The orc hits you with a +2 whip of electrocution.
You closely miss the orc.
The orc is almost dead.
The orc hits you with a +2 whip of electrocution.
You are electrocuted!!
* * * LOW HITPOINT WARNING * * *
You closely miss the orc.
The orc is severely wounded.
The orc hits you with a +2 whip of electrocution.
You are electrocuted!
You die...

#.....#.....#.........#
#.....#.....#.........#
#.....#'#####.........#
##.....#....######.....#
.#.....'.....#...#o....#
.'.....#.....#...#o....#
.#.....#.....#...#.....#
.#.....#.....#..)#.....###'##
.#.....#.....#..@o...........
.#.....#######'###..............
.#...............................
.#...............................
.#.).............................
.#...............................
.##'###..............รท...........
......#.......................#
......#.......................#


You could see an orc.

Vanquished Creatures
  A necrophage (D:4)
  An orc wizard (D:3)
  A howler monkey skeleton (D:4)
  8 adders
  2 worms (D:2)
  A dart slug (D:1)
  6 orcs
  3 bats
  7 endoplasms
  A giant cockroach (D:2)
  7 hobgoblins
  5 quokkas
  9 ball pythons
  4 frilled lizards
  5 goblins
  7 kobolds
  2 rats (D:1)
70 creatures vanquished.

Vanquished Creatures (others)
  3 withered plants (D:1)
3 creatures vanquished.

Grand Total: 73 creatures vanquished

Notes
Turn   | Place    | Note
-------+----------+-------------------------------------------
     0 | D:1      | DearestLeader the Gnoll Wanderer began the quest for the
                  | Orb.
     0 | D:1      | DearestLeader set off with the following items: a +0
                  | dagger, a +0 ring mail, a potion of lignification, a phial
                  | of floods
     0 | D:1      | Reached XP level 1. HP: 17/17 MP: 6/6
   306 | D:1      | Reached XP level 2. HP: 23/23 MP: 7/7
   626 | D:1      | Found a faded altar of an unknown god.
  1244 | D:2      | Reached XP level 3. HP: 25/28 MP: 9/9
  1266 | D:2      | Reached skill level 5 in Spellcasting
  1627 | D:2      | Reached skill level 1 in Invocations
  1815 | D:2      | Reached skill level 1 in Short Blades
  1815 | D:2      | Reached skill level 1 in Long Blades
  1815 | D:2      | Reached skill level 1 in Maces & Flails
  1815 | D:2      | Reached skill level 1 in Polearms
  1815 | D:2      | Reached skill level 1 in Staves
  1815 | D:2      | Reached skill level 1 in Slings
  1815 | D:2      | Reached skill level 1 in Bows
  1815 | D:2      | Reached skill level 1 in Crossbows
  1815 | D:2      | Reached skill level 1 in Throwing
  1815 | D:2      | Reached skill level 1 in Armour
  1815 | D:2      | Reached skill level 1 in Dodging
  1815 | D:2      | Reached skill level 1 in Shields
  1815 | D:2      | Reached skill level 1 in Unarmed Combat
  2084 | D:2      | Reached XP level 4. HP: 26/34 MP: 9/11
  2179 | D:2      | Found Qevvuc's Armour Shoppe.
  2262 | D:2      | Bought a +0 buckler for 63 gold pieces
  2834 | D:3      | Reached skill level 1 in Conjurations
  2834 | D:3      | Reached skill level 1 in Hexes
  2834 | D:3      | Reached skill level 1 in Summonings
  2834 | D:3      | Reached skill level 1 in Necromancy
  2834 | D:3      | Reached skill level 1 in Translocations
  2834 | D:3      | Reached skill level 1 in Transmutations
  2834 | D:3      | Reached skill level 1 in Fire Magic
  2834 | D:3      | Reached skill level 1 in Air Magic
  2834 | D:3      | Reached skill level 1 in Earth Magic
  2834 | D:3      | Reached skill level 1 in Poison Magic
  3098 | D:3      | Reached XP level 5. HP: 33/40 MP: 10/12
  3306 | D:3      | Found a broken altar of Ashenzari.
  3506 | D:4      | Found Feik's Book Boutique.
  3611 | D:4      | Noticed a necrophage
  3628 | D:4      | Killed a necrophage
  3629 | D:4      | Reached XP level 6. HP: 33/47 MP: 11/14
  3834 | D:4      | Mangled by an orc

Illustrated notes

Levels and vault maps discovered:
D:1:      dpeg_arrival_rooms_c, layout_loops_cross,
          ebering_ecumenical_altar_petrified
D:2:      layout_basic, serial_shops, nicolae_shop_waterfront, minmay_distorted
D:3:      layout_rooms, evilmike_ruin_ashenzari
D:4:      layout_gridville, mainiacjoe_overflow_paths, serial_shops,
          kennysheep_little_box

Skill      XL: |  1  2  3  4  5 |
---------------+----------------+-----
Spellcasting   | 5 |  5.3
Invocations    | 1 2 |  2.0
Short Blades   | 1 |  1.8
Long Blades    | 1 |  1.8
Maces & Flails | 1 |  1.8
Polearms       | 1 |  1.8
Staves         | 1 |  1.8
Slings         | 1 |  1.8
Bows           | 1 |  1.8
Crossbows      | 1 |  1.8
Throwing       | 1 |  1.8
Armour         | 1 |  1.8
Dodging        | 1 |  1.8
Shields        | 1 |  1.8
Unarmed Combat | 1 |  1.8
Conjurations   | 1 |  1.4
Hexes          | 1 |  1.4
Summonings     | 1 |  1.4
Necromancy     | 1 |  1.4
Translocations | 1 |  1.4
Transmutations | 1 |  1.4
Fire Magic     | 1 |  1.4
Air Magic      | 1 |  1.4
Earth Magic    | 1 |  1.4
Poison Magic   | 1 |  1.4
Fighting       | 3 |  3.2
Evocations     | 3 |  3.2
Stealth        | 3 |  3.0
Axes           | |  4.9
Ice Magic      | |  5.6

Action                   |  1- 3 |  4- 6 || total
-------------------------+-------+-------++-------
Melee: Dagger            |    13 |       ||    13
       War axe           |    99 |    63 ||   162
       Bite              |     7 |    13 ||    20
       Hand axe          |       |    90 ||    90
  Use: Scroll            |       |     1 ||     1
 Stab: Sleeping          |     3 |     1 ||     4
Armor: Ring mail         |    42 |    56 ||    98
Dodge: Dodged            |    63 |    68 ||   131
Block: Buckler           |       |    16 ||    16
